← All builds
Tech / Armada / Economy first / OBSERVED BUILD

Sharpshooter snipers

Armada Tech (Eco) build order · Supreme Isthmus

After the standard T2 rush, the player commits early to T2 Sharpshooter sniper bots from around 7:54, but the units fight roughly as often on the team's own side as in the middle, suggesting a mixed reactive push.

Usually first T2 con to Geo (83%)

#raid #t2 · 52 distinct matches · 26 players · 4% of Armada Tech games · team won 23% of 53 · Recently observed

THE CATCH, AND WHAT COMES WITH IT
  • SharpshooterT2 bot snipers from 7:54 · 6% of role by thenFrom the Advanced Bot Lab. Only 6% of Tech games have it by then; others who build it get it around 8:44

Where those units first fight, in 51 games with kill data: in the middle 51%, on their own side 49%.

Those units destroy a typical 1,380 metal of enemy units by 15:00.

Then transitions into anti-nuke (14% of army).

HOW TO PLAY IT

Key timing: Sharpshooter by 8:07

  1. Open 3 mex into wind and a bot lab like normal eco start.
  2. Get Advanced Bot Lab up on schedule instead of skipping it.
  3. Upgrade mex to Advanced Metal Extractor to fund the T2 pivot.
  4. Push Sharpshooter sniper bots to middle instead of just feeding team T2.
  5. Add anti-nuke and keep sniper bots as the core army.

Phase by phase

TYPICAL OF ITS 52 GAMES · AGAINST STANDARD TECH
  1. 1
  2. 2
  3. 3
  4. 4
  5. 5
PLAY THE OPENING

Follow the example game's first 8:54 step by step: what to build now, what comes next, and where it goes. At 1× it keeps pace with your own game.

  1. 1

    Up to the Bot Lab

    Economy
    • Metal Extractor3Mex
    • Wind Turbine4Wind
    Order
    1. Bot LabBot Lab after 3 mex, 4 winddone ~1:17, middle half 1:11–1:32

    By 1:00 in all: 3 mex · 4 wind

    The example game in this phase · 4 steps
    1. Mex ×2
    2. Solar
    3. Wind
    4. Bot LabBot Labdone 0:52 · typical 1:17
  2. 2

    Bot Lab to Advanced Bot Lab

    Economy
    • Metal Extractor1Mex
    • Wind Turbine9Wind
    • Energy Storage1Energy storage
    Order
    1. Advanced Bot LabAdvanced Bot Lab after 4 mex, 13 wind, 3 con turretdone ~4:16, middle half 4:08–4:28
    Builders
    • Construction Turret3 Con turret
    • Lazarus3 Lazarus
    • Construction Bot2 Con bot
    • Construction Bot1 Con bot for allies

    Some games also: converter (43%)

    By 3:22 in all: 4 mex · 13 wind · 1 energy storage · 3 con turret

    The example game in this phase · 16 steps
    1. Construction BotCon bot ×2
    2. Mex
    3. Wind ×2
    4. Mex
    5. LazarusLazarus
    6. Wind
    7. Con turret
    8. Wind ×2
    9. Construction BotCon botfor Air
    10. Wind ×2
    11. Con turret
    12. Wind ×2
    13. LazarusLazarus
    14. Energy storage
    15. Wind
    16. Advanced Bot LabAdvanced Bot Labdone 3:32 · typical 4:16
  3. 3

    Advanced Bot Lab to 5:00

    Economy
    • Wind Turbine1Wind
    Builders
    • Advanced Construction Bot1 T2 con bot for allies

    Some games also: converter (38%)

    By 5:00 in all: 4 mex · 15 wind · 2 converter · 1 energy storage · 3 con turret

    The example game in this phase · 5 steps
    1. Wind ×2
    2. Advanced Construction BotT2 con botfor Geo
    3. Wind ×2
    4. Advanced Metal ExtractorT2 mex ×2done 5:06 · typical 5:14
    5. Wind
  4. 4

    5:00 to T2 bot snipers

    Economy
    • Wind Turbine13Wind+4 vs standard
    Order
    1. SharpshooterT2 bot snipers after 4 mex, 26 wind, 4 converterdone ~8:25, middle half 7:20–9:36
    Builders
    • Advanced Construction Bot3 T2 con bot for allies
    • Butler3 Butler

    Some games also: converter (43%) · T2 con bot (32%)

    By 7:54 in all: 4 mex · 26 wind · 4 converter · 1 energy storage · 3 con turret

    The example game in this phase · 14 steps
    1. Advanced Construction BotT2 con botfor Air
    2. Wind
    3. ButlerButler
    4. Wind ×2
    5. Advanced Metal ExtractorT2 mex ×2
    6. Wind
    7. Solar
    8. Wind
    9. ButlerButler
    10. Wind
    11. ButlerButler
    12. Wind ×4
    13. Advanced Construction BotT2 con bot
    14. SharpshooterSniper botdone 8:12 · typical 8:25
  5. 5

    T2 bot snipers to 10:00

    Economy
    • Wind Turbine15Wind−18 vs standard
    Army
    • Sharpshooter1 Sniper bot

    Some games also: Butler (47%) · T2 con bot for allies (42%) · converter (42%)

    The standard build makes here, this one skips: 4 converter · 6 Butler

    By 10:00 in all: 4 mex · 50 wind · 6 converter (standard 8) · 1 energy storage · 3 con turret

    The example game in this phase · 149 steps
    1. Wind ×6
    2. Advanced Construction BotT2 con botfor Air
    3. Wind ×5
    4. ButlerButler
    5. Wind ×3
    6. ButlerButler
    7. Wind ×2
    8. ButlerButler
    9. Wind ×4
    10. Advanced Construction BotT2 con botfor Beach sea
    11. Wind ×3
    12. Advanced Construction BotT2 con botfor Pond
    13. Wind ×4
    14. SharpshooterSniper bot
    15. Wind ×5
    16. ButlerButler
    17. Wind ×2
    18. ButlerButler
    19. Wind ×2
    20. Converter
    21. Wind ×2
    22. ButlerButler
    23. Converter
    24. Wind ×2
    25. Converter
    26. Wind ×2
    27. Converter
    28. Wind
    29. Converter
    30. Wind ×2
    31. Converter
    32. Wind
    33. Advanced Construction BotT2 con bot
    34. Wind
    35. Converter
    36. Wind
    37. Converter
    38. CompassRadar bot
    39. Wind
    40. Con turret
    41. Wind
    42. Converter
    43. SmugglerJammer bot
    44. Wind ×2
    45. Converter
    46. Con turret
    47. Wind
    48. Converter
    49. Con turret
    50. Wind
    51. Converter
    52. Wind
    53. Fusion ReactorFusiondone 11:34
    54. Wind
    55. Converter
    56. Wind
    57. Converter
    58. Wind ×2
    59. Converter
    60. Wind ×2
    61. Converter
    62. Wind
    63. Converter
    64. Wind ×2
    65. Converter
    66. Wind ×2
    67. Con turret
    68. Converter
    69. Advanced Fusion ReactorAdvanced Fusion Reactordone 14:28
    70. Wind
    71. Con turret
    72. Wind
    73. Converter ×2
    74. Con turret
    75. Wind
    76. Con turret
    77. Converter
    78. Wind
    79. Converter
    80. Con turret
    81. Wind
    82. Converter ×2
    83. Wind
    84. Converter
    85. Wind
    86. Converter
    87. Wind
    88. Converter ×2
    89. Wind ×2
    90. Converter ×2
    91. Wind
    92. Converter ×2
    93. Wind ×2
    94. Converter ×2
    95. Wind ×2
    96. Converter ×2
    97. Wind
    98. Converter ×2
    99. Wind ×2
    100. Converter ×2
    101. Wind
    102. Converter
    103. Wind
    104. Converter
    105. Wind
    106. Converter ×2
    107. Wind
    108. Converter ×2
    109. Wind ×2
    110. Converter ×2
    111. Wind
    112. Converter ×2
    113. Wind
    114. Converter ×2
    115. Wind
    116. Converter ×2
    117. Wind
    118. Converter
    119. Wind
    120. Converter
    121. Wind
    122. Converter ×2
    123. Wind
    124. Converter
    125. Wind
    126. Converter
    127. Wind
    128. Converter ×2
    129. Wind
    130. Converter ×2
    131. Wind
    132. Converter
    133. Wind
    134. Converter
    135. CitadelAnti-nukenot finished by 15:00
    136. Wind
    137. Aircraft PlantAircraft Plantdone 14:31
    138. Converter ×2
    139. Wind ×2
    140. Converter ×2
    141. Wind
    142. Con turret
    143. Converter ×2
    144. Wind ×2
    145. Converter ×2
    146. Construction AircraftCon aircraft ×2
    147. Converter
    148. Construction AircraftCon aircraft
    149. Con turret

Counts are medians over the build's games: half of them build more, half fewer. The example game is Cokeado's (38 OS, 27/09/2026); pick another.

Team trades

IN AT LEAST 30% OF ITS GAMES

You hand over

  • Construction Bot1 Con bot to Airfirst at 2:22 · in 89% of games
  • Advanced Construction Bot5 T2 con bot to Geo sea or Air or Geofirst at 4:57 · in 100% of games
  • Butler2 Butler to Geo sea or Beach seafirst at 10:36 · in 43% of games

You get

  • Hercules2 Light transport from Airfirst at 4:10 · in 91% of games

How it plays out

Typical game of this build against the role’s standard build, running totals by minute

  • This build
  • Standard tech

Metal produced

020k40k
0:005:0010:0015:00

metal

Enemy metal destroyed

01k2k3k
0:005:0010:0015:00

metal

Own metal lost

05001k1.5k
0:005:0010:0015:00

metal

53 games.

Show as table
ByMetal produced: This buildMetal produced: Standard techEnemy metal destroyed: This buildEnemy metal destroyed: Standard techOwn metal lost: This buildOwn metal lost: Standard tech
1:003833830000
2:009119150000
3:00158216410000
4:00316331510000
5:00490048660000
6:00595958080000
7:00750872300000
8:00931090750000
9:0011440112480000
10:001364813579220000
11:0016300164146100740
12:001894320010103001300
13:002213723817163206800
14:002529627557197886754104
15:00286003165425713151360204
WHAT THE NUMBERS SAY

Won far less than the standard build despite destroying much more metal, and lost heavily doing it.

  • + Destroyed 2580 enemy metal by 15:00 vs 400 for the standard build.
  • − Lost 1407 own metal by 15:00 vs 260 standard, and team win rate dropped to 21% from 53%.
THE EXAMPLE YOU ARE READING

Cokeado

37.6 OS · 27/09/2026

Open source match ↗

2 received units
1076 metal received · 34031 energy received

Allied construction assistance is unknown. Timings are observations, not a promise of solo reproducibility.

Typical milestones

Bot Lab1:17Middle 50%: 1:11–1:32 · n=53
Advanced Bot Lab4:16Middle 50%: 4:08–4:28 · n=53
Advanced Metal Extractor5:14Middle 50%: 4:56–5:35 · n=53
Sharpshooter8:25Middle 50%: 7:20–9:36 · n=53

Played most by

Amrissa14games of this buildDRM5games of this buildThe_Dwarf4games of this buildIMBALANCED3games of this buildhaaven2games of this build